Map: Oxide LE

Players

cure - Winner!

  • Race: Terran Terran
  • Spawn Location: 1:00

seRRal

  • Race: Zerg Zerg
  • Spawn Location: 7:00

Event: Stay at HomeStory Cup #3

VOD

Have the link to the VOD?

Description

Time

  • Played on: March 14, 2021, 12:56 p.m.
  • Length: 13:02

All games in this series

Show
View Real Time Build Order
Export as new Build Order

cure Terran - Winner!

Build Orders:  

Get SALT Encoding   

  12  0:00  SCV  
  13  0:12  SCV  
  14  0:17  Supply Depot  
  14  0:24  SCV  
  15  0:38  SCV  
  15  0:39  Barracks  
  16  0:43  Refinery  
  16  0:50  SCV  
  17  1:03  SCV  
  18  1:15  SCV  
  19  1:26  Marine  
  19  1:27  Orbital Command  
  20  1:39  Command Center  
  20  1:43  Marine  
  21  1:50  Supply Depot  
  21  1:54  SCV  
  22  2:06  SCV  
  23  2:08  Barracks  
  23  2:17  Barracks Reactor, Refinery  
  23  2:19  SCV  
  24  2:25  Engineering Bay  
  24  2:31  SCV  
  25  2:40  Factory  
  25  2:43  SCV  
  26  2:51  Orbital Command  
  26  2:54  Marine x2  
  26  2:55  SCV  
  26  2:56  Barracks Tech Lab  
  29  3:07  SCV  
  30  3:15  Marine x3, Stimpack  
  30  3:18  SCV  
  30  3:19  SCV  
  35  3:26  Starport, Factory Reactor  
  35  3:33  Marine x3  
  38  3:38  Supply Depot  
  38  3:39  SCV x2  
  40  3:51  Marine x3  
  40  3:52  SCV x2  
  45  3:59  Supply Depot  
  45  4:03  Medivac  
  45  4:04  Hellion x2  
  45  4:08  Armory  
  51  4:10  Marine  
  51  4:11  Marine  
  51  4:14  Marine  
  54  4:17  Supply Depot  
  54  4:25  Hellion x2  
  54  4:29  SCV x2  
  60  4:32  Marine x2  
  62  4:39  Marine, Medivac  
  62  4:41  Supply Depot  
  62  4:44  Supply Depot  
  65  4:50  Hellion x2  
  68  4:53  Marine  
  68  4:54  Marine  
  68  4:58  SCV  
  70  5:00  Hellion x2  
  70  5:02  Marine  
  70  5:03  SCV  
  72  5:07  Engineering Bay  
  72  5:10  SCV  
  72  5:13  Combat Shield  
  73  5:15  SCV  
  73  5:17  Marine x2  
  73  5:20  Factory Tech Lab, Marine  
  77  5:23  SCV  
  77  5:27  SCV  
  79  5:32  Terran Infantry Weapons Level 1  
  79  5:35  Command Center  
  79  5:38  Siege Tank  
  79  5:40  Medivac  
  84  5:44  SCV  
  84  5:45  Refinery  
  85  5:54  Supply Depot x2, SCV  
  86  5:58  Barracks  
  86  6:04  Refinery  
  86  6:15  Marine x3, SCV x2  
  91  6:24  Siege Tank  
  86  6:25  Medivac  
  86  6:27  SCV x2  
  90  6:33  Marine x3, Medivac  
  97  6:40  SCV x2  
  97  6:45  Barracks  
  97  6:46  Barracks  
  97  6:49  Barracks Tech Lab  
  97  6:50  Orbital Command  
  97  6:52  SCV x2  
  99  6:55  Marine x3  
  99  6:58  Siege Tank  
  105  7:04  SCV x2  
  107  7:10  Marauder, Concussive Shells  
  107  7:13  Marauder  
  107  7:15  Marine x2  
  113  7:20  SCV x2  
  115  7:24  Medivac  
  115  7:29  Missile Turret  
  117  7:30  Supply Depot  
  117  7:31  Terran Infantry Weapons Level 2  
  117  7:34  Engineering Bay  
  117  7:35  Orbital Command  
  117  7:37  Barracks Reactor, Barracks Tech Lab  
  117  7:38  Barracks Reactor  
  117  7:42  Supply Depot  
  117  7:43  Supply Depot  
  117  7:52  Marine, Marauder x2, Medivac, SCV  
  125  8:03  Marine, SCV  
  125  8:04  SCV, Siege Tank  
  131  8:06  Terran Infantry Armor Level 1  
  131  8:07  SCV  
  131  8:09  Marine  
  133  8:14  Marine, Marauder  
  133  8:15  Marauder, SCV  
  133  8:16  SCV  
  133  8:19  SCV  
  141  8:21  Supply Depot  
  141  8:22  Supply Depot  
  140  8:28  SCV  
  140  8:31  Supply Depot  
  141  8:43  Marine x5, Marauder x2  
  141  8:44  Siege Tank  
  141  8:47  Marine  
  154  8:50  Supply Depot  
  152  8:58  Medivac x2  
  152  9:01  Marine x4  
  159  9:05  Marauder x2  
  159  9:07  Marine x2  
  158  9:18  Marine x3  
  161  9:26  Marauder x2  
  161  9:28  Siege Tank  
  151  9:31  Orbital Command, SCV  
  151  9:32  SCV  
  151  9:40  Marine x5  
  151  9:41  Marine  
  157  9:47  Marauder x2  
  161  9:54  Terran Infantry Weapons Level 3  
  161  9:58  Marine x5  
  166  10:03  Siege Tank  
  169  10:09  Marauder  
  171  10:18  Medivac  
  173  10:22  Marine x4, Supply Depot  
  173  10:23  Marauder, Supply Depot  
  170  10:30  Marauder  
  170  10:34  Medivac  
  164  10:36  Siege Tank  
  161  10:44  Marine x6, Marauder  
  161  10:46  SCV x3  
  161  10:48  Medivac  
  174  10:52  Marauder  
  174  10:56  Missile Turret  
  174  11:05  Marine x4  
  174  11:06  Marauder  
  174  11:09  Siege Tank  
  182  11:13  Marauder, Medivac  
  186  11:19  Marine x2  
  186  11:22  Marine  
  186  11:23  Refinery x2  
  186  11:24  Supply Depot  
  189  11:35  Marine x2  
  189  11:36  Marine  
  188  11:40  Command Center  
  188  11:45  Marine x3  
  188  11:46  Marauder x2  
  195  11:53  Marine x3  
  195  12:03  Marine x2  
  197  12:13  Marine  
  197  12:14  Marine  
  197  12:17  Marauder x2  
  197  12:19  Siege Tank  
  197  12:20  Marine x3  
  197  12:21  Marine  
  175  12:31  Marine  
  175  12:32  Marine  
  176  12:38  Marauder  
  176  12:39  Marauder  
  176  12:41  Marine x4  
Show
View Real Time Build Order
Export as new Build Order

seRRal Zerg 

Build Orders: Hatch First 

Get SALT Encoding   

  12  0:01  Drone  
  13  0:12  Overlord  
  13  0:16  Drone  
  14  0:30  Drone x2  
  16  0:47  Hatchery  
  15  0:50  Drone  
  15  0:54  Drone  
  17  0:57  Drone  
  18  1:07  Extractor  
  17  1:12  Spawning Pool  
  17  1:15  Drone  
  17  1:18  Drone  
  18  1:28  Drone  
  20  1:40  Drone  
  20  1:49  Drone  
  21  2:00  Queen x2  
  21  2:01  Zergling x4  
  27  2:10  Overlord  
  27  2:12  Drone  
  28  2:21  Overlord  
  28  2:33  Hatchery  
  28  2:35  Drone  
  28  2:39  Metabolic Boost  
  28  2:41  Drone x2  
  30  2:47  Drone  
  30  2:50  Queen  
  33  2:55  Overlord  
  33  2:58  Drone  
  34  3:00  Drone  
  34  3:04  Drone  
  36  3:14  Drone x5  
  40  3:21  Roach Warren  
  40  3:23  Drone  
  40  3:24  Drone  
  41  3:29  Queen  
  41  3:33  Extractor  
  41  3:34  Overlord  
  42  3:36  Drone  
  43  3:47  Drone  
  44  3:51  Overlord  
  44  4:01  Roach  
  44  4:02  Roach x5  
  56  4:03  Roach  
  58  4:10  Overlord  
  58  4:12  Roach x2  
  62  4:22  Zergling x2  
  62  4:23  Zergling x6  
  66  4:26  Overlord  
  66  4:28  Overlord  
  66  4:36  Zergling x14  
  73  4:39  Ravager  
  73  4:43  Overlord  
  73  4:45  Overlord  
  74  4:48  Ravager  
  74  4:49  Zergling x6  
  77  4:57  Drone x4  
  78  5:02  Drone x2  
  78  5:03  Drone  
  80  5:09  Drone x2  
  80  5:10  Drone  
  80  5:13  Lair  
  83  5:15  Extractor  
  82  5:21  Roach  
  82  5:22  Roach x2  
  82  5:23  Drone  
  90  5:28  Drone x2  
  90  5:29  Drone x2  
  90  5:35  Drone x3  
  96  5:39  Overlord  
  96  5:41  Drone x2  
  98  5:43  Extractor  
  98  5:44  Evolution Chamber  
  98  5:48  Evolution Chamber  
  93  5:50  Roach x3  
  93  5:51  Drone  
  100  5:58  Drone x3  
  100  5:59  Drone  
  100  6:03  Roach x2  
  107  6:07  Drone x3  
  104  6:12  Drone  
  104  6:13  Drone  
  104  6:18  Drone x2  
  94  6:20  Drone  
  94  6:21  Drone  
  90  6:27  Extractor x2, Zerg Ground Armor Level 1, Zerg Missile Weapons Level 1  
  90  6:30  Drone x2  
  90  6:32  Drone  
  91  6:35  Drone x2  
  91  6:39  Roach x2  
  97  6:41  Ravager  
  97  6:42  Ravager  
  99  6:49  Overlord  
  100  6:54  Drone x4  
  100  6:56  Overlord  
  100  7:00  Drone x4  
  107  7:03  Overlord  
  107  7:07  Roach x2  
  111  7:15  Overlord  
  111  7:18  Overlord  
  111  7:19  Glial Reconstitution  
  111  7:21  Roach x3  
  117  7:28  Overlord  
  117  7:32  Roach x2  
  117  7:33  Roach x3  
  117  7:36  Ravager  
  128  7:38  Overlord  
  128  7:40  Overlord  
  128  7:43  Ravager  
  128  7:44  Roach x2  
  133  7:47  Roach  
  133  7:48  Roach  
  137  7:55  Overlord x2  
  137  7:57  Ravager x4  
  137  7:58  Ravager  
  142  8:02  Roach x3  
  142  8:03  Roach  
  150  8:08  Roach x3  
  150  8:09  Overseer  
  156  8:15  Roach x3  
  162  8:23  Overlord  
  162  8:24  Roach x3  
  162  8:25  Roach  
  170  8:30  Roach x3  
  176  8:34  Ravager x4  
  180  8:43  Roach x3  
  186  8:49  Roach x3  
  190  8:57  Roach x2  
  186  9:03  Roach  
  186  9:04  Roach x4  
  192  9:12  Drone x3  
  192  9:14  Overlord  
  192  9:15  Overlord  
  192  9:19  Overlord  
  192  9:21  Overlord  
  192  9:30  Roach  
  176  9:31  Roach x4  
  180  9:41  Zerg Ground Armor Level 2, Zerg Missile Weapons Level 2  
  180  9:42  Roach x3  
  186  9:54  Ravager  
  186  9:57  Roach x3, Overseer  
  193  10:12  Ravager  
  191  10:15  Hatchery  
  191  10:19  Roach x5  
  191  10:20  Infestation Pit  
  179  10:35  Roach  
  154  10:36  Roach x8  
  154  10:40  Roach x4  
  172  10:45  Drone x7  
  172  10:47  Ravager, Hydralisk Den  
  172  10:48  Ravager  
  180  10:50  Burrow  
  180  10:55  Drone  
  181  11:00  Drone x3  
  181  11:03  Hive, Infestor x2  
  188  11:15  Extractor  
  188  11:18  Extractor  
  186  11:20  Ravager  
  186  11:22  Infestor  
  186  11:23  Drone x3  
  192  11:29  Overlord  
  192  11:31  Queen  
  194  11:37  Roach x3  
  199  11:46  Spore Crawler, Infestor  
  200  11:50  Lurker Den  
  197  12:07  Hydralisk  
  197  12:21  Roach x12  
  197  12:28  Roach  
  197  12:29  Roach x9  
  199  12:31  Hatchery  
  199  12:32  Ravager  
  199  12:33  Ravager x4  
  200  12:43  Roach x5  
Tags
 
Add a new tag
Caveats
  • Supply blocks, unpowered buildings, or Contaminate may cause inaccurate times.
  • Supply counts are checked every 10 seconds.